 Dungeon Crawl Stone Soup version 0.29.1-15-g9cfb28693d (webtiles) character file.

Game seed: 5399966395102382572

1493 javelincjr the Magician (level 8, -1/61 HPs)
             Began as a Demonspawn Hedge Wizard on Apr 20, 2023.
             Was a Priest of Nemelex Xobeh.
             Slain by a gnoll sergeant
             ... wielding a +3 vorpal trident
              (4 damage)
             ... on level 6 of the Dungeon.
             The game lasted 00:30:21 (8027 turns).

javelincjr the Magician (Demonspawn Hedge Wizard)   Turns: 8027, Time: 00:30:21

Health: -1/61      AC: 11    Str: 19    XL:     8   Next: 51%
Magic:  13/16      EV: 12    Int: 15    God:    Nemelex Xobeh [***...]
Gold:   209        SH:  0    Dex: 13    Spells: 13/18 levels left

rFire   . . .      SeeInvis .   e - +1 short sword (vamp)
rCold   . . .      Faith    .   (no shield)
rNeg    . . .      Spirit   .   D - +2 ring mail {rPois}
rPois   +          Reflect  .   c - +0 hat
rElec   .          Harm     .   v - +0 cloak
rCorr   .          Rampage  .   w - +0 pair of gloves
Will    .....                   (no boots)
Stlth   +.........              F - amulet of magic regeneration
HPRegen 0.20/turn               i - ring of wizardry
MPRegen 0.55/turn               E - ring "Finolyung" {rPois Str+6}

@: very slightly contaminated
A: yellow scales 1, powered by death 1, spiny 2, demonic touch 1
a: Renounce Religion, Draw Escape, Draw Destruction, Draw Summoning, Triple Draw


You were on level 6 of the Dungeon.
You worshipped Nemelex Xobeh.
Nemelex Xobeh was most pleased with you.
You visited 1 branch of the dungeon, and saw 6 of its levels.
You also visited: Sewer.

You collected 209 gold pieces.

Inventory:

Hand Weapons
 a - a +0 dagger
 e - a +1 vampiric short sword (weapon)
 j - a +2 whip of electrocution
 k - a +2 dagger of speed
 L - a +0 war axe of electrocution
 N - a +3 trident of protection
Missiles
 A - 2 curare-tipped darts
Armour
 b - a +0 robe
 c - a +0 hat (worn)
 v - a +0 cloak (worn)
 w - a +0 pair of gloves (worn)
 D - a +2 ring mail of poison resistance (worn)
Magical Staves
 I - a staff of poison
 J - a staff of earth
Jewellery
 i - a ring of wizardry (left hand)
 o - a +6 ring of dexterity
 E - the ring "Finolyung" (right hand) {rPois Str+6}
   (You found it on level 4 of the Dungeon)

   [ring of strength]

   Str:       It affects your strength (+6).
   rPois:     It protects you from poison.
 F - an amulet of magic regeneration (around neck)
 K - a ring of wizardry
Wands
 C - a wand of digging (2)
 O - a wand of flame (18)
Scrolls
 f - 2 scrolls of vulnerability
 g - 3 scrolls of noise
 m - a scroll of amnesia {unknown}
 n - 5 scrolls of teleportation
 p - 3 scrolls of blinking
 q - a scroll of poison {unknown}
 y - a scroll of summoning {unknown}
 B - a scroll of fear {unknown}
 G - 2 scrolls of identify
 H - a scroll of immolation {unknown}
Potions
 d - a potion of magic
 h - 3 potions of curing
 l - a potion of haste {unknown}
 r - 2 potions of resistance
 s - 2 potions of berserk rage
 t - 3 potions of might
 u - 2 potions of heal wounds {unknown}
 x - a potion of cancellation {unknown}
 z - 3 potions of mutation {unknown}
 M - a potion of attraction {unknown}


   Skills:
 * Level 4.7 Fighting
 + Level 1.6 Armour
 + Level 3.5 Dodging
 - Level 2.0 Stealth
 * Level 5.5 Spellcasting
 + Level 3.3 Conjurations
 + Level 3.4 Summonings
 + Level 3.2 Translocations
 + Level 3.4 Invocations


You had 13 spell levels left.
You knew the following spells:

 Your Spells              Type           Power      Damage    Failure   Level
a - Magic Dart            Conj           56%        1d5       2%          1
b - Call Imp              Summ           14%        N/A       4%          2
c - Blink                 Tloc           26%        N/A       4%          2

Your spell library contained the following spells:

 Spells                   Type           Power      Damage    Failure   Level
 Slow                     Hex            16%        N/A       11%         1
 Conjure Flame            Conj/Fire      9%         6-21      16%         3
 Mephitic Cloud           Conj/Pois/Air  7%         N/A       21%         3
 Iskenderun's Mystic Bla  Conj/Tloc      14%        2d5       26%         4
 Ozocubu's Armour         Ice            4%         N/A       32%         3
 Fulminant Prism          Conj/Hex       4%         3d6       45%         4
 Lee's Rapid Deconstruct  Erth           2%         3d5*      95%         5
 Metabolic Englaciation   Hex/Ice        2%         N/A       95%         5
 Simulacrum               Ice/Necr       2%         N/A       100%        6


Dungeon Overview and Level Annotations

Branches:
Dungeon (6/15)             Temple (0/1) D:4           Sewer (visited)

Altars:
Nemelex Xobeh
Xom


Innate Abilities, Weirdness & Mutations

You are partially covered in yellow scales. (AC +2)
You regenerate a little health from kills.
You are mostly covered in sharp spines.
Your touch may inflict minor irresistible damage on your foes.


Message History

The gnoll sergeant hits your white imp with a +3 vorpal trident!
Your white imp dies!
Your white imp disappears in a puff of smoke!
Casting: Call Imp (safe; 4% risk of failure)
Confirm with . or Enter, or press ? or * to list all spells.
A shadowy apparition takes form in the air.
You swap places.
Your shadow imp gestures at the gnoll sergeant.
The gnoll sergeant writhes in agony!
The gnoll sergeant barely misses your shadow imp.
The gnoll sergeant hits your shadow imp with a +3 vorpal trident!
Your shadow imp dies!
Your shadow imp disappears in a puff of smoke!
Casting: Call Imp (safe; 4% risk of failure)
Confirm with . or Enter, or press ? or * to list all spells.
Aiming: Magic Dart (safe; 2% risk of failure)
Press: ? - help, Shift-Dir - straight line, f/p - gnoll sergeant
Aim: a gnoll sergeant, wielding a +3 vorpal trident, wearing a +0 scale mail and wearing a +2 buckler (almost dead, unaware, hasn't noticed you, 100% to hit)
The magic dart hits the gnoll sergeant but does no damage.
The gnoll sergeant is almost dead.
The gnoll sergeant shouts!
Casting: Magic Dart (safe; 2% risk of failure)
Confirm with . or Enter, or press ? or * to list all spells.
Aiming: Magic Dart (safe; 2% risk of failure)
Press: ? - help, Shift-Dir - straight line, f/p - gnoll sergeant
Aim: a gnoll sergeant, wielding a +3 vorpal trident, wearing a +0 scale mail and wearing a +2 buckler (almost dead, 100% to hit)
The magic dart hits the gnoll sergeant.
The gnoll sergeant is almost dead.
Casting: Magic Dart (safe; 2% risk of failure)
Confirm with . or Enter, or press ? or * to list all spells.
You miscast Call Imp.
You are very lightly contaminated with residual magic.
Nothing appears to happen.
Casting: Call Imp (safe; 4% risk of failure)
Confirm with . or Enter, or press ? or * to list all spells.
A beastly little devil appears in a puff of flame.
The gnoll sergeant hits you from afar with a +3 vorpal trident!
* * * LOW HITPOINT WARNING * * *
You die...
Your body glows slightly and disappears.

#......#.......####g......)......
#...............###........).##.#
......<........###...........##..
#..............###..........###..
.......).......gg...........###..
.......).....g###...........#.#..
..............g5#.)###...........
.............#....## ##..........
......#......##.@..###g........##
.............g#...##.g..........#
.......(..##..#....#.......#....#
..........................###...#
..........#............## #####
.........###............#
.........#..........#..##
.......##....##.##..####
..#...........#######


You could see a gnoll sergeant (ally target), a gnoll and a friendly crimson imp
(summoned).

Vanquished Creatures
  2 water moccasins
  Duvessa (D:5)
  5 kobold brigands (Sewer)
  A scorpion (D:6)
  Dowan (D:5)
  A jelly (D:5)
  A hound (D:6)
  An orc priest (D:6)
  A gnoll bouda (D:6)
  3 iguanas
  2 orc wizards (D:5)
  6 gnolls (D:6)
  6 adders
  3 river rats (Sewer)
  3 ufetubi
  3 worms
  3 dart slugs (D:2)
  13 orcs
  12 endoplasms
  2 giant cockroaches
  6 goblins
  6 hobgoblins
  2 jackals (D:3)
  15 kobolds
  3 quokkas
  7 ball pythons
  4 bats
  2 frilled lizards
  14 rats
129 creatures vanquished.

Vanquished Creatures (collateral kills)
  A phantom (D:5)
  A howler monkey (D:4)
  A jelly (D:6)
  Jessica (D:3)
  2 gnolls (D:6)
  2 worms
  6 orcs
  3 ball pythons
  A bat (D:3)
  2 endoplasms (Sewer)
  A hobgoblin (D:2)
  A rat (D:1)
22 creatures vanquished.

Grand Total: 151 creatures vanquished

Notes
Turn   | Place    | Note
-------+----------+-------------------------------------------
     0 | D:1      | javelincjr the Demonspawn Hedge Wizard began the quest for
                  | the Orb.
     0 | D:1      | Reached XP level 1. HP: 13/13 MP: 4/4
   146 | D:1      | Reached skill level 1 in Translocations
   461 | D:1      | Gained mutation: Your touch may inflict minor irresistible
                  | damage on your foes. [demonic ancestry]
   461 | D:1      | Reached XP level 2. HP: 19/19 MP: 3/6
   464 | D:1      | Learned a level 2 spell: Call Imp
   467 | D:1      | Learned a level 2 spell: Blink
  1777 | D:2      | Reached XP level 3. HP: 25/25 MP: 3/7
  2181 | D:2      | Reached skill level 1 in Fighting
  2878 | D:3      | Noticed Jessica
  2889 | D:3      | Killed Jessica
  2890 | D:3      | Gained mutation: You are partially covered in yellow
                  | scales. (AC +2) [demonic ancestry]
  2890 | D:3      | Reached XP level 4. HP: 28/32 MP: 3/9
  3163 | D:3      | Found a faded altar of an unknown god.
  3172 | D:3      | Prayed at the altar of an unknown god.
  3172 | D:3      | Became a worshipper of Nemelex Xobeh the Trickster
  3172 | D:3      | Reached * piety under Nemelex Xobeh
  3613 | D:3      | Found a shimmering altar of Xom.
  3961 | D:4      | Received a gift from Nemelex Xobeh
  4050 | D:4      | Reached XP level 5. HP: 38/38 MP: 6/10
  4115 | D:4      | Found a staircase to the Ecumenical Temple.
  4429 | D:4      | Found a glowing drain.
  4449 | Sewer    | Entered a sewer
  4662 | Sewer    | Reached skill level 4 in Spellcasting
  4793 | Sewer    | Gained mutation: You are partially covered in sharp spines.
                  | [demonic ancestry]
  4793 | Sewer    | Reached XP level 6. HP: 32/46 MP: 10/12
  4986 | Sewer    | Reached skill level 1 in Invocations
  5604 | Sewer    | Gained mutation: You regenerate a little health from kills.
                  | [demonic ancestry]
  5604 | Sewer    | Reached XP level 7. HP: 38/52 MP: 13/13
  5891 | D:4      | Reached ** piety under Nemelex Xobeh
  6215 | D:4      | Identified the ring "Finolyung" {rPois Str+6}
  6651 | D:5      | Entered Level 5 of the Dungeon
  6843 | D:5      | Noticed Duvessa
  6844 | D:5      | Noticed Dowan
  6846 | D:5      | Killed Duvessa
  6849 | D:5      | Killed Dowan
  6954 | D:5      | Reached skill level 5 in Spellcasting
  6958 | D:5      | Reached skill level 1 in Armour
  6958 | D:5      | Gained mutation: You are mostly covered in sharp spines.
                  | [demonic ancestry]
  6958 | D:5      | Reached XP level 8. HP: 48/60 MP: 15/15
  7167 | D:5      | Reached *** piety under Nemelex Xobeh
  7831 | D:6      | Received a gift from Nemelex Xobeh
  8027 | D:6      | HP: 3/61 [gnoll sergeant/+3 vorpal trident (12)]
  8027 | D:6      | Slain by a gnoll sergeant

Illustrated notes

Levels and vault maps discovered:
D:1:      lemuel_arrival_tunnels, layout_basic, minmay_rat_gold_closets
D:2:      layout_basic
D:3:      layout_rooms, lemuel_tele_altar,
          hellmonk_ecumenical_altar_slurped_away, st_stairs_12, uniq_jessica
D:4:      mumra_celtic_spiral_tile, layout_cave_pools,
          minmay_temple_entry_mini_moons, cheibrodos_sewer_entry_drain
D:5:      layout_cave_pools, uniq_duvessa
D:6:      layout_cave_pools

Skill      XL: |  1  2  3  4  5  6  7  8 |
---------------+-------------------------+-----
Translocations | 1 2 3 |  3.2
Stealth        | 2 |  2.0
Dodging        | 2 3 |  3.5
Fighting       | 1 2 3 4 |  4.7
Summonings     | 2 3 |  3.4
Spellcasting   | 4 5 |  5.5
Conjurations   | 2 3 |  3.3
Invocations    | 1 2 3 |  3.4
Armour         | 1 |  1.6

Action                   |  1- 3 |  4- 6 |  7- 9 || total
-------------------------+-------+-------+-------++-------
Melee: Short sword       |    16 |    95 |    65 ||   176
       Touch             |     2 |    14 |    15 ||    31
       Punch             |       |     1 |       ||     1
 Cast: Magic Dart        |   105 |   131 |    74 ||   310
       Call Imp          |     6 |    11 |    25 ||    42
       Blink             |       |       |     1 ||     1
Invok: Draw Destruction  |       |       |     2 ||     2
  Use: Scroll            |       |       |     7 ||     7
 Stab: Sleeping          |     1 |     1 |       ||     2
Armor: Robe              |     7 |    19 |     3 ||    29
       Ring mail         |       |       |    42 ||    42
Dodge: Dodged            |    22 |    45 |    36 ||   103
